[Event "Team 45 45 League T64"]
[Site "Internet Chess Club"]
[Date "2015.04.09"]
[Round "5"]
[White "nilobasenji"]
[Black "xt"]
[Result "1-0"]
[WhiteElo "1812"]
[BlackElo "1705"]
[Opening "QGD: 4.Nf3"]
[ECO "D37"]
[Time "19:06:23"]
[TimeControl "2700+45"]

1. d4 d5 2. c4 e6 3. Nf3 Nf6 4. Nc3 Be7 5. Bg5 Nbd7 6. e3 h6 7. Bh4 O-O 8. Rc1
dxc4 9. Bxc4 b6 10. O-O Bb7 11. h3 c5 12. dxc5 Nxc5 13. Qe2 Nfe4 14. Nxe4 Bxe4
15. Rfd1 Qc7 16. Bg3 Bxf3 17. Qxf3 Qc8 18. b4 Na6 19. Bb5 Nc5 20. bxc5 Bxc5 21.
Bc6 {Black resigns} 1-0

[Event "Team 45 45 League T64"]
[Site "Internet Chess Club"]
[Date "2015.04.07"]
[Round "5"]
[White "CaptK"]
[Black "Packerfan"]
[Result "1-0"]
[WhiteElo "1789"]
[BlackElo "1632"]
[Opening "King's Indian: London system"]
[ECO "A48"]
[Time "16:00:24"]
[TimeControl "2700+45"]

1. d4 Nf6 2. Nf3 g6 3. Bf4 Bg7 4. e3 O-O 5. Be2 d6 6. h3 b6 7. O-O Bb7 8. c4
Nbd7 9. Nc3 Re8 10. Bh2 a6 11. Qc2 e5 12. Rad1 exd4 13. exd4 Ne4 14. Rfe1 Nxc3
15. bxc3 Qf6 16. Bg3 h6 17. Nh2 Nf8 18. Bf3 Bxf3 19. Nxf3 Ne6 20. Re3 Re7 21.
Rde1 Rae8 22. Qe2 Bf8 23. Qd2 Ng7 24. Rxe7 Rxe7 25. Rxe7 Qxe7 26. Qxh6 Nf5 27.
Qg5 Nxg3 28. Qxe7 Bxe7 29. fxg3 c5 30. Kf2 Kg7 31. Ke3 Kf6 32. Ke4 Ke6 33. h4
f5+ 34. Kf4 d5 35. cxd5+ Kxd5 36. Ne5 cxd4 37. cxd4 Bd6 38. Kg5 Kxd4 39. Nf3+
Ke4 40. Kxg6 Bxg3 41. h5 Bd6 42. h6 Bb4 43. h7 Bc3 44. Ng5+ Kf4 45. Ne6+ Kg4 46.
Ng7 {Black resigns} 1-0

[Event "Team 45 45 League T64"]
[Site "Internet Chess Club"]
[Date "2015.04.03"]
[Round "5"]
[White "tryanything"]
[Black "SugarIslander"]
[Result "1/2-1/2"]
[WhiteElo "1555"]
[BlackElo "1626"]
[Opening "QGD Slav: 4.e3 Bf5"]
[ECO "D12"]
[Time "18:49:44"]
[TimeControl "2700+45"]

1. d4 d5 2. Nf3 Nf6 3. c4 c6 4. e3 Bf5 5. Bd3 Bxd3 6. Qxd3 e6 7. O-O Nbd7 8. Nc3
dxc4 9. Qxc4 Nb6 10. Qe2 Be7 11. Rb1 O-O 12. b4 Nfd5 13. Nxd5 cxd5 14. Bd2 Nc4
15. Rfc1 b5 16. e4 a6 17. exd5 Qxd5 18. Be3 Bf6 19. Nd2 Rac8 20. Nxc4 Rxc4 21.
a3 Rfc8 22. Rxc4 Rxc4 23. Rd1 h6 24. Qd2 g5 25. h3 Bg7 26. f3 f5 27. Qd3 Bf6 28.
Bf2 Kg7 29. Kf1 Rc6 30. Qd2 Qc4+ 31. Kg1 Kf7 32. Be3 f4 33. Bf2 Qc3 34. d5 Qxd2
35. dxe6+ Kxe6 36. Rxd2 Be5 37. Kf1 Rd6 38. Rc2 Kd5 39. Ke2 {Game drawn by
mutual agreement} 1/2-1/2

[Event "Team 45 45 League T64"]
[Site "Internet Chess Club"]
[Date "2015.04.04"]
[Round "5"]
[White "mongmong"]
[Black "PostMike"]
[Result "0-1"]
[WhiteElo "1494"]
[BlackElo "1510"]
[Opening "Queen's pawn: Yusupov-Rubinstein system"]
[ECO "A46"]
[Time "16:00:49"]
[TimeControl "2700+45"]

1. d4 Nf6 2. Nf3 e6 3. e3 c5 4. c4 d5 5. cxd5 cxd4 6. dxe6 Bxe6 7. Nxd4 Bd7 8.
Nc3 a6 9. Be2 Bb4 10. Bd2 O-O 11. O-O Nc6 12. Nxc6 Bxc6 13. Bf3 Bxf3 14. gxf3
Qa5 15. a3 Bxc3 16. Bxc3 Qg5+ 17. Kh1 Rfd8 18. Qb3 b5 19. Rad1 Nd7 20. Rg1 Qh6
21. Rxg7+ Qxg7 22. Bxg7 Kxg7 23. Qc3+ Kf8 24. Qh8+ Ke7 25. Qxh7 Nf6 26. Qb1 Rg8
27. Rg1 Rgd8 28. Qc2 Rac8 29. Qb3 Rd2 30. Qb4+ Rd6 31. e4 Rc4 32. Qa5 Nd7 33. b3
Rcd4 34. Re1 Ne5 35. Qc7+ Ke6 36. Kg2 Rc6 37. Qb7 Rd7 38. Qb8 Rdc7 39. Qh8 Rc2
40. Qh3+ Ke7 41. Qf5 Nd3 42. Rf1 R7c6 43. e5 Rg6+ 44. Kh1 Nxf2+ {White resigns}
0-1

[Event "Team 45 45 League T64"]
[Site "Internet Chess Club"]
[Date "2015.04.07"]
[Round "5"]
[White "calsal"]
[Black "JustinL"]
[Result "1-0"]
[WhiteElo "1784"]
[BlackElo "1935"]
[Opening "French: Réti (Spielmann) variation"]
[ECO "C00"]
[Time "11:07:28"]
[TimeControl "2700+45"]

1. e4 e6 2. b3 d5 3. Bb2 dxe4 4. Nc3 Nf6 5. g4 c5 6. g5 Nd5 7. Nxe4 Nc6 8. Nf3
b6 9. Bb5 Bd7 10. d3 Qc7 11. Qd2 h6 12. gxh6 Rxh6 13. c4 Nde7 14. Rg1 Nf5 15.
Bxg7 Rh3 16. Bxf8 Kxf8 17. Qg5 Rxf3 18. Qg8+ Ke7 19. Qxa8 Rxd3 20. Qh8 Ncd4 21.
Rd1 Nf3+ 22. Ke2 Rxd1 23. Rxd1 N5d4+ 24. Kf1 Bxb5 25. cxb5 Nxh2+ 26. Kg2 Ng4 27.
Qh4+ {Black resigns} 1-0

[Event "Team 45 45 League T64"]
[Site "Internet Chess Club"]
[Date "2015.04.05"]
[Round "5"]
[White "kidcobra"]
[Black "pkraus"]
[Result "1-0"]
[WhiteElo "1737"]
[BlackElo "1543"]
[Opening "French: exchange variation"]
[ECO "C01"]
[Time "19:15:57"]
[TimeControl "2700+45"]

1. e4 e6 2. d4 d5 3. exd5 exd5 4. Be3 Nf6 5. Bd3 Be7 6. h3 Be6 7. Nf3 h6 8. c3
Nbd7 9. O-O O-O 10. Ne5 Bd6 11. f4 Nb6 12. Nd2 Rc8 13. a4 a5 14. g4 c5 15. g5
Bxh3 16. gxf6 gxf6 17. Ng4 h5 18. Nh6+ Kh8 19. Qxh5 {Black resigns} 1-0

[Event "Team 45 45 League T64"]
[Site "Internet Chess Club"]
[Date "2015.04.04"]
[Round "5"]
[White "okieman888"]
[Black "KidRattler"]
[Result "1-0"]
[WhiteElo "1549"]
[BlackElo "1443"]
[Opening "Ruy Lopez: Schliemann defense, Berger variation"]
[ECO "C63"]
[Time "10:02:44"]
[TimeControl "2700+45"]

1. e4 e5 2. Nf3 Nc6 3. Bb5 f5 4. Nc3 d6 5. O-O Nf6 6. Re1 g6 7. d4 Bd7 8. exf5
gxf5 9. Bxc6 Bxc6 10. dxe5 Ne4 11. Nd4 dxe5 12. Qh5+ Ke7 13. Nxe4 Qxd4 14. Bg5+
Kd7 15. Rad1 Bxe4 16. Rxd4+ exd4 17. Bf6 Be7 18. Qf7 Rhe8 19. Bxd4 Rg8 20. f3
Raf8 21. Qc4 Bxf3 22. Qe6+ Kd8 23. Qxe7+ Kc8 24. Qe6+ Kb8 25. Bxa7+ Ka8 26. Kf2
Be4 27. Bc5 Rxg2+ 28. Kf1 Rfg8 29. Re2 R2g6 30. Qc4 Rd8 31. Qa4+ Ra6 32. Qb3 Bd5
33. Qxd5 Rad6 34. Bxd6 cxd6 35. Qa5+ Kb8 36. Qxd8+ Ka7 37. Qa5+ Kb8 38. Re8#
{Black checkmated} 1-0

[Event "Team 45 45 League T64"]
[Site "Internet Chess Club"]
[Date "2015.04.04"]
[Round "5"]
[White "seattleblues"]
[Black "stantheman59"]
[Result "1-0"]
[WhiteElo "1428"]
[BlackElo "1220"]
[Opening "QGD: classical variation (5.Bf4)"]
[ECO "D37"]
[Time "21:03:43"]
[TimeControl "2700+45"]

1. d4 d5 2. Nf3 Nf6 3. c4 e6 4. Nc3 Be7 5. Bf4 O-O 6. e3 Nbd7 7. Bd3 dxc4 8.
Bxc4 a6 9. O-O c6 10. Qc2 b5 11. Bd3 c5 12. Rad1 Bb7 13. Ne5 cxd4 14. exd4 Rc8
15. Qb1 Nb6 16. Rfe1 Bb4 17. Re2 Kh8 18. Be4 Nxe4 19. Nxe4 Qd5 20. Nf3 Be7 21.
Neg5 Bxg5 22. Bxg5 h6 23. Re5 Qd7 24. Bh4 Qd6 25. Bg3 Qb4 26. a3 Qa4 27. Rh5 Qc2
28. Ne5 Qxb1 29. Rxb1 Kh7 30. Nd3 Rc4 31. Nc5 Bc8 32. Nb3 g6 33. Rc5 Rxc5 34.
dxc5 Nd5 35. c6 f5 36. Be5 f4 37. Nd4 Rf7 38. Rc1 Kg8 39. Nb3 Kf8 40. Nc5 Ke7
41. Ne4 Rf5 42. Bd6+ Kd8 43. Bc5 Kc7 44. Nd6 Rf8 45. Nxb5+ axb5 46. Bxf8 Bd7 47.
cxd7+ Kxd7 48. Bxh6 Kd6 49. Rd1 Kc5 50. Bg7 Kc4 51. Be5 Kb3 52. Rc1 g5 53. Rc6
{Black resigns} 1-0

[Event "Team 45 45 League T64"]
[Site "Internet Chess Club"]
[Date "2015.04.05"]
[Round "5"]
[White "QuieroAprender"]
[Black "BotanicalKnight"]
[Result "1/2-1/2"]
[WhiteElo "1613"]
[BlackElo "1534"]
[Opening "Caro-Kann: anti-anti-Caro-Kann defense"]
[ECO "B10"]
[Time "21:00:58"]
[TimeControl "2700+45"]

1. e4 c6 2. c4 d5 3. cxd5 cxd5 4. Bb5+ Bd7 5. Bxd7+ Qxd7 6. exd5 Qxd5 7. Nc3
Qxg2 8. Qa4+ Nc6 9. Qe4 Qxe4+ 10. Nxe4 e5 11. Nf3 Nd4 12. Nxd4 exd4 {Game drawn
by mutual agreement} 1/2-1/2

[Event "Team 45 45 League T64"]
[Site "Internet Chess Club"]
[Date "2015.04.04"]
[Round "5"]
[White "kingsrook"]
[Black "JOFRAN"]
[Result "1/2-1/2"]
[WhiteElo "1316"]
[BlackElo "1463"]
[Opening "Dutch"]
[ECO "A80"]
[Time "20:00:16"]
[TimeControl "2700+45"]

1. d4 f5 2. Nc3 Nf6 3. Bf4 e6 4. e3 d5 5. a3 c6 6. Bd3 Be7 7. h3 Nbd7 8. Nf3 O-O
9. O-O Ne4 10. Bxe4 fxe4 11. Ne5 Nf6 12. Ng4 Nh5 13. Be5 Bd6 14. Nh6+ gxh6 15.
Qxh5 Bxe5 16. Qxe5 Qe7 {Game drawn by mutual agreement} 1/2-1/2

[Event "Team 45 45 League T64"]
[Site "Internet Chess Club"]
[Date "2015.04.03"]
[Round "5"]
[White "Gilguli"]
[Black "GideonL"]
[Result "0-1"]
[WhiteElo "1370"]
[BlackElo "1654"]
[Opening "QGD Slav: exchange variation"]
[ECO "D13"]
[Time "16:04:25"]
[TimeControl "2700+45"]

1. d4 d5 2. Nf3 Nf6 3. c4 c6 4. cxd5 cxd5 5. Nc3 Nc6 6. e3 Bf5 7. Be2 e6 8. O-O
Bd6 9. Bd2 O-O 10. Nh4 Bg6 11. Nxg6 hxg6 12. a3 a6 13. b4 b5 14. Qb3 Nd7 15.
Rfc1 Qb8 16. h4 Bh2+ 17. Kh1 Bd6 18. Rc2 Ne7 19. Na2 Nf6 20. f3 Bg3 21. Be1 Bxe1
22. Rxe1 Qg3 23. Rec1 Qxh4+ 24. Kg1 Nf5 25. Kf1 Ng3+ 26. Kg1 Kh7 27. Bd3 Rh8 28.
Nc3 Kg8 29. Ne2 Qh2+ 30. Kf2 Nh1+ 31. Kf1 Ng3+ 32. Nxg3 Qxg3 33. Rc7 Rh1+ 34.
Ke2 Qxg2# {White checkmated} 0-1

[Event "Team 45 45 League T64"]
[Site "Internet Chess Club"]
[Date "2015.04.06"]
[Round "5"]
[White "kc4tac"]
[Black "houseofcook"]
[Result "0-1"]
[WhiteElo "1250"]
[BlackElo "1525"]
[Opening "French defense"]
[ECO "C00"]
[Time "10:03:19"]
[TimeControl "2700+45"]

1. e4 e6 2. Nf3 d5 3. e5 c5 4. Bb5+ Bd7 5. Bxd7+ Qxd7 6. d4 cxd4 7. Qxd4 Nc6 8.
Qd1 Nge7 9. O-O Ng6 10. Re1 Be7 11. c3 O-O 12. Nbd2 Qc7 13. Nb3 Ngxe5 14. Bf4
Nxf3+ 15. Qxf3 Bd6 16. Bxd6 Qxd6 17. Nd2 b5 18. b4 a6 19. Nb3 Rfc8 20. Nc5 Rc7
21. Rad1 Nd8 22. Rd4 Nb7 23. Ne4 Qc6 24. Ng5 Qxc3 25. Rd3 Qxe1# {White
checkmated} 0-1

[Event "Team 45 45 League T64"]
[Site "Internet Chess Club"]
[Date "2015.04.03"]
[Round "5"]
[White "guyd52"]
[Black "sdcohle"]
[Result "1/2-1/2"]
[WhiteElo "1340"]
[BlackElo "1407"]
[Opening "Réti: King's Indian attack (Barcza system)"]
[ECO "A07"]
[Time "20:02:40"]
[TimeControl "2700+45"]

1. Nf3 d5 2. g3 Nf6 3. Bg2 e6 4. d3 b6 5. Nbd2 Bb7 6. O-O Be7 7. Re1 O-O 8. e4
dxe4 9. dxe4 c5 10. e5 Nfd7 11. Nc4 Nc6 12. Bf4 Rc8 13. Qd2 Ndb8 14. Qe3 Qc7 15.
Nd6 Rcd8 16. Nxb7 Qxb7 17. c3 Rd7 18. Bg5 h6 19. Bxh6 gxh6 20. Qxh6 Rfd8 21. Ng5
Bxg5 22. Qxg5+ Kf8 23. Qh6+ Ke8 24. Qh8+ Ke7 25. Qf6+ Ke8 26. Qh8+ Ke7 27. Qf6+
Ke8 28. Qh8+ Ke7 29. Qf6+ {Game drawn by repetition} 1/2-1/2

[Event "Team 45 45 League T64"]
[Site "Internet Chess Club"]
[Date "2015.04.06"]
[Round "5"]
[White "rubo"]
[Black "pkraus"]
[Result "1-0"]
[WhiteElo "1690"]
[BlackElo "1533"]
[Opening "French: advance, Paulsen attack"]
[ECO "C02"]
[Time "20:00:28"]
[TimeControl "2700+45"]

1. e4 e6 2. d4 d5 3. e5 c5 4. c3 Nc6 5. Nf3 cxd4 6. cxd4 Qb6 7. Bd3 Bb4+ 8. Nc3
Bd7 9. O-O Nxd4 10. Nxd4 Qxd4 11. Nb5 Qxe5 12. Bd2 Bxd2 13. Qxd2 Nf6 14. Rfe1
Qb8 15. Qb4 Bxb5 16. Bxb5+ Nd7 17. Rad1 a6 18. Ba4 b5 19. Bb3 a5 20. Qa3 Nb6 21.
Bxd5 Nxd5 22. Rxd5 Qb7 23. Qd6 b4 24. Rd2 Qc8 25. Red1 Rb8 26. b3 h5 27. Qe5 O-O
28. Qxh5 Ra8 29. Rd4 Qc2 30. Rh4 Rad8 31. Qh8# {Black checkmated} 1-0

[Event "Team 45 45 League T64"]
[Site "Internet Chess Club"]
[Date "2015.04.04"]
[Round "5"]
[White "Andressa"]
[Black "nosir"]
[Result "0-1"]
[WhiteElo "1452"]
[BlackElo "1486"]
[Opening "Sicilian: Smith-Morra gambit"]
[ECO "B21"]
[Time "12:10:49"]
[TimeControl "2700+45"]

1. e4 c5 2. d4 cxd4 3. Qxd4 d6 4. Nc3 e5 5. Qd1 Nf6 6. f4 Be7 7. fxe5 dxe5 8.
Qxd8+ Bxd8 9. Nf3 Nbd7 10. Bb5 O-O 11. Bxd7 Nxd7 12. O-O f6 13. Be3 Be7 14. Nd5
Bc5 15. Bxc5 Nxc5 16. Nd2 Be6 17. Rfe1 Rad8 18. c4 Nd3 19. Re3 Nc5 20. Rb1 Bf7
21. b4 Ne6 22. Nb3 Rfe8 23. g3 Bg6 24. Rd1 Ng5 25. Nd2 Rd7 26. a4 Red8 27. Kf2
b6 28. h4 Ne6 29. Nb3 Kf8 30. Rd2 Be8 31. a5 bxa5 32. Nxa5 Nd4 33. g4 Rf7 34.
Rg3 Ba4 35. b5 a6 36. Ra3 axb5 37. cxb5 Bxb5 38. Nb3 Nxb3 39. Rxb3 Be8 40. Kg3
Rfd7 41. Rbd3 h5 42. g5 Bg6 43. Re3 Bxe4 44. Rxe4 Rxd5 45. Rxd5 Rxd5 46. g6 Ke7
47. Rb4 Ke6 48. Rb7 Rd7 {White resigns} 0-1

[Event "Team 45 45 League T64"]
[Site "Internet Chess Club"]
[Date "2015.04.04"]
[Round "5"]
[White "g8wrb"]
[Black "BrianWood"]
[Result "1-0"]
[WhiteElo "1439"]
[BlackElo "1491"]
[Opening "Polish (Sokolsky) opening"]
[ECO "A00"]
[Time "14:00:50"]
[TimeControl "2700+45"]

1. b4 d5 2. Bb2 Nf6 3. Nf3 e6 4. a3 c5 5. bxc5 Bxc5 6. d4 Be7 7. e3 O-O 8. Bd3
Nc6 9. O-O h6 10. c4 dxc4 11. Bxc4 Qb6 12. Qc2 Rd8 13. Nc3 Nd5 14. Nxd5 exd5 15.
Bd3 Bf6 16. Rab1 Ne7 17. Bc3 Qe6 18. Bb4 Nc6 19. Ba5 Nxa5 20. Qc7 b6 21. Ne5 Bd7
22. Nxd7 Qxd7 23. Qg3 Qd6 24. Qf3 Qxa3 25. Qf5 g6 26. Qxf6 Qxd3 27. Qf4 Nc4 28.
Qxh6 Rdc8 29. Rbd1 Nd2 30. e4 Rc2 31. exd5 Qxd4 32. Qg5 Re8 33. Qg3 Qxd5 34.
Rfe1 Rxe1+ 35. Rxe1 Kg7 36. h3 Rb2 37. Qc3+ f6 38. Qxb2 Nc4 39. Re7+ Kh6 40.
Qxf6 {Black resigns} 1-0

[Event "Team 45 45 League T64"]
[Site "Internet Chess Club"]
[Date "2015.04.02"]
[Round "5"]
[White "smsxman"]
[Black "SeniorCitizen"]
[Result "1-0"]
[WhiteElo "1445"]
[BlackElo "1379"]
[Opening "French defense"]
[ECO "C00"]
[Time "14:00:31"]
[TimeControl "2700+45"]

1. e4 e6 2. Nf3 d5 3. exd5 exd5 4. d4 Nf6 5. Bg5 Be7 6. Nc3 O-O 7. Bd3 Nbd7 8.
O-O c6 9. Re1 Bb4 10. Bd2 Re8 11. a3 Bd6 12. b4 Rxe1+ 13. Bxe1 b6 14. Bd2 Bb7
15. b5 c5 16. Bg5 c4 17. Bf5 Qc7 18. g3 Re8 19. Qd2 g6 20. Bh3 Qb8 21. Ne2 Ne4
22. Qd1 Nxg5 23. Nxg5 Nf6 24. Bg2 Re7 25. Nc3 h6 26. Nf3 Qe8 27. Qd2 Ne4 28. Qe1
Nxg3 29. Qc1 Ne2+ 30. Nxe2 Rxe2 31. Qxh6 Bf8 32. Qc1 Bg7 33. a4 a5 34. c3 Qe4
35. Ng5 Qf5 36. Nf3 Rc2 37. Qe1 Bh6 38. Qe8+ Kg7 39. Qe1 Bd2 40. Nxd2 Rxd2
{Black resigns} 1-0

[Event "Team 45 45 League T64"]
[Site "Internet Chess Club"]
[Date "2015.04.05"]
[Round "5"]
[White "parrot9"]
[Black "deepfort"]
[Result "1/2-1/2"]
[WhiteElo "1689"]
[BlackElo "1499"]
[Opening "French: Rubinstein variation"]
[ECO "C03"]
[Time "08:28:23"]
[TimeControl "2700+45"]

1. e4 e6 2. d4 d5 3. Nd2 dxe4 4. Nxe4 Nd7 5. Nf3 Ngf6 6. Nxf6+ Nxf6 7. Bd3 c5 8.
O-O cxd4 9. Nxd4 Be7 10. c3 O-O 11. Bf4 Bd7 12. Qe2 Nd5 13. Bg3 Bf6 14. Nf3 e5
15. Bxe5 Bxe5 16. Qxe5 Bc6 17. Rad1 Qb6 18. Bc4 Nf6 19. Bb3 Bxf3 20. gxf3 Rfe8
21. Qf4 Re2 22. Qc4 Re7 23. Rfe1 Rae8 24. Rxe7 Rxe7 25. Qc8+ Re8 26. Qc4 Re7 27.
Kg2 h6 28. Rd2 Qa5 29. Re2 Qg5+ 30. Kf1 Qc1+ 31. Kg2 Qg5+ 32. Kf1 Qc1+ 33. Kg2
Qg5+ {Game drawn by repetition} 1/2-1/2

[Event "Team 45 45 League T64"]
[Site "Internet Chess Club"]
[Date "2015.04.04"]
[Round "5"]
[White "bayoumicardio10"]
[Black "Invicta-Knight"]
[Result "0-1"]
[WhiteElo "1754"]
[BlackElo "1612"]
[Opening "Scandinavian: Pytel-Wade variation"]
[ECO "B01"]
[Time "15:02:44"]
[TimeControl "2700+45"]

1. e4 d5 2. exd5 Qxd5 3. Nc3 Qd6 4. d4 g6 5. d5 Nf6 6. Bb5+ Bd7 7. Bxd7+ Nbxd7
8. Bg5 Bg7 9. Bxf6 Nxf6 10. Nb5 Qb4+ 11. Nc3 O-O-O 12. a3 Qxb2 13. Nge2 Nxd5 14.
Nxd5 Qxa1 15. Nxe7+ Kb8 16. Qxa1 Bxa1 17. O-O Bf6 18. Rb1 Bxe7 19. Nc3 Rd2 20.
Ne4 Rxc2 {White resigns} 0-1

[Event "Team 45 45 League T64"]
[Site "Internet Chess Club"]
[Date "2015.04.02"]
[Round "5"]
[White "BrerRabbit"]
[Black "JRussell2"]
[Result "0-1"]
[WhiteElo "1450"]
[BlackElo "1544"]
[Opening "Réti: King's Indian attack (Barcza system)"]
[ECO "A07"]
[Time "10:45:45"]
[TimeControl "2700+45"]

1. Nf3 d5 2. g3 Nf6 3. Bg2 c5 4. O-O g6 5. d3 Bg7 6. Nbd2 O-O 7. e4 dxe4 8. dxe4
Nc6 9. Re1 e5 10. c3 Bg4 11. h3 Bxf3 12. Qxf3 Qc7 13. Nc4 b5 14. Ne3 Rad8 15.
Nd5 Nxd5 16. exd5 Ne7 17. Rd1 Nf5 18. Bd2 Nd6 19. Qe2 f5 20. f3 a5 21. Be1 Rfe8
22. g4 fxg4 23. hxg4 e4 24. fxe4 Nxe4 25. Qxb5 Qf4 26. Qd3 Qxg4 27. Qf3 Qd7 28.
Rab1 Ng5 29. Qd3 Qg4 30. Qg3 Qf5 31. Bd2 Ne4 32. Bxe4 Rxe4 33. Qg5 Rg4+ {White
resigns} 0-1

[Event "Team 45 45 League T64"]
[Site "Internet Chess Club"]
[Date "2015.04.06"]
[Round "5"]
[White "Andaluz"]
[Black "Aquaman"]
[Result "1-0"]
[WhiteElo "1342"]
[BlackElo "1318"]
[Opening "Polish (Sokolsky) opening"]
[ECO "A00"]
[Time "15:02:00"]
[TimeControl "2700+45"]

1. b4 e5 2. Bb2 d6 3. e3 Nf6 4. d3 Be7 5. Be2 O-O 6. Nd2 Nbd7 7. Ngf3 b5 8. a4
bxa4 9. Rxa4 Nb6 10. Ra1 Bd7 11. c4 Na4 12. Rxa4 Bxa4 13. Qxa4 Nd7 14. O-O Nb6
15. Qa6 Qe8 16. Ra1 Nd7 17. Qb7 Qb8 18. Qc6 Nf6 19. Bc3 Qb6 20. Qa4 Qb8 21. Ne1
a6 22. Bf3 Ra7 23. Ne4 Ne8 24. b5 Qc8 25. bxa6 c6 26. Nd2 c5 27. Bb7 Qf5 28. Ba5
Nf6 29. Bb6 Ng4 30. Ndf3 Bh4 31. g3 Bf6 32. Be4 Qe6 33. Bxa7 Bd8 34. Qc6 Nf6 35.
Bb8 Ne8 36. a7 Qe7 37. a8=Q Nc7 38. Qa7 Re8 39. Bxc7 Bxc7 40. Qcxc7 Qf6 {Black
resigns} 1-0

[Event "Team 45 45 League T64"]
[Site "Internet Chess Club"]
[Date "2015.04.04"]
[Round "5"]
[White "artspir"]
[Black "Kandor"]
[Result "1/2-1/2"]
[WhiteElo "1261"]
[BlackElo "1311"]
[Opening "Queen's Indian defense"]
[ECO "A47"]
[Time "16:30:35"]
[TimeControl "2700+45"]

1. d4 Nf6 2. Nf3 b6 3. Bf4 Bb7 4. Nbd2 e6 5. e3 Be7 6. Bd3 O-O 7. O-O d5 8. c3
c5 9. Ne5 Nc6 10. Qf3 Nxe5 11. Bxe5 Nd7 12. Bg3 f5 13. Bf4 g5 14. Be5 Nxe5 15.
dxe5 Qc7 16. Qg3 g4 17. f4 Rad8 18. Be2 d4 19. cxd4 cxd4 20. Rac1 Qd7 21. Nc4 d3
22. Rfd1 b5 23. Rxd3 Qc7 24. Rxd8 Rxd8 25. Qe1 bxc4 26. Bxc4 Qc6 27. Bf1 Qb6 28.
Bc4 Kf7 29. Rc2 Bc5 30. Re2 Bb4 31. Qh4 Rd1+ 32. Kf2 Bf8 33. Qh5+ Kg7 34. Qg5+
Kf7 35. Qh5+ Kg7 36. Qg5+ Kf7 37. Qh5+ Kg7 38. Qg5+ Kf7 39. Qh5+ {Game drawn by
repetition} 1/2-1/2

[Event "Team 45 45 League T64"]
[Site "Internet Chess Club"]
[Date "2015.04.06"]
[Round "5"]
[White "rgadoury"]
[Black "RobertBuice"]
[Result "1-0"]
[WhiteElo "1467"]
[BlackElo "1166"]
[Opening "Four knights: Spanish variation"]
[ECO "C48"]
[Time "19:00:41"]
[TimeControl "2700+45"]

1. e4 e5 2. Nf3 Nc6 3. Nc3 Nf6 4. Bb5 d5 5. Bxc6+ bxc6 6. exd5 Nxd5 7. Nxe5 Nxc3
8. bxc3 Qe7 9. d4 Ba6 10. Be3 Qe6 11. Qf3 Qf6 12. Qxf6 gxf6 13. Nd3 Bxd3 14.
cxd3 Rb8 15. O-O Ba3 16. Rfe1 O-O 17. Bc1 Bxc1 18. Rexc1 Rb2 19. g3 Re8 20. Kg2
Ree2 21. Rf1 Rbd2 22. a4 Rxd3 23. Ra3 Kg7 24. h4 h5 25. Rfa1 Kg6 26. Rb1 Kf5 27.
Rb7 Kg4 28. Rxc7 Rxg3+ 29. Kh2 Rh3+ 30. Kg1 Re1+ 31. Kg2 Rhh1 32. f3+ Kxh4 33.
Rxf7 Re2+ 34. Kxh1 Kh3 35. Kg1 Rg2+ 36. Kf1 Rd2 37. Rxf6 Kg3 38. Ke1 Rh2 39. c4
Rh1+ 40. Ke2 Rh2+ 41. Ke3 h4 42. Rg6+ Kh3 43. f4 Rg2 44. Rxg2 Kxg2 45. f5 h3 46.
Ra1 h2 47. f6 h1=Q 48. Rxh1 Kxh1 49. f7 a5 50. f8=Q c5 51. dxc5 Kg1 52. Qg7+ Kf1
53. Qf6+ Kg1 54. Kf3 Kh2 55. Qb2+ Kh3 56. Qh8# {Black checkmated} 1-0

[Event "Team 45 45 League T64"]
[Site "Internet Chess Club"]
[Date "2015.04.06"]
[Round "5"]
[White "bardu"]
[Black "smsxman"]
[Result "0-1"]
[WhiteElo "1180"]
[BlackElo "1413"]
[Opening "QGD: 4.Bg5 Be7"]
[ECO "D53"]
[Time "12:01:52"]
[TimeControl "2700+45"]

1. d4 d5 2. c4 e6 3. Nc3 Nf6 4. Bg5 Be7 5. Nf3 Nc6 6. e3 O-O 7. Bd3 Bd7 8. cxd5
Nxd5 9. Bxe7 Qxe7 10. Nxd5 exd5 11. Qb3 Qb4+ 12. Qc3 Qxc3+ 13. bxc3 Ne7 14. Ne5
Be6 15. Rb1 b6 16. O-O f6 17. Nf3 c5 18. Rfc1 c4 19. Bc2 Rab8 20. a4 a6 21. e4
b5 22. exd5 Nxd5 23. Bd1 Bf5 24. Ra1 b4 25. cxb4 Rxb4 26. Be2 Bd3 27. Bxd3 cxd3
28. Rd1 Rb3 29. Nd2 Rb4 30. Nf3 Rb3 31. Nd2 Rc3 32. Ne4 Rb3 33. Nc5 Rc3 34. Nxd3
Rb8 35. Nc5 Nb4 36. Rab1 a5 37. Na6 Nxa6 38. Rxb8+ Nxb8 39. d5 Nd7 40. Kf1 Kf7
41. Ke2 Ra3 42. Rd4 Nc5 43. d6 Rxa4 44. Rd5 Nd7 45. Kd3 Ra1 46. Kc4 Ke6 {White
resigns} 0-1

[Event "Team 45 45 League T64"]
[Site "Internet Chess Club"]
[Date "2015.04.07"]
[Round "5"]
[White "SeniorCitizen"]
[Black "fuzzface"]
[Result "0-1"]
[WhiteElo "1361"]
[BlackElo "1346"]
[Opening "King's pawn game"]
[ECO "C21"]
[Time "08:00:25"]
[TimeControl "2700+45"]

1. e4 e5 2. d4 d6 3. dxe5 dxe5 4. Qxd8+ Kxd8 5. Nf3 Nc6 6. b3 f6 7. Bd3 Bg4 8.
Nbd2 Bb4 9. O-O Bc3 10. Rb1 Nge7 11. Bb2 Bxb2 12. Rxb2 Ng6 13. h3 Bxf3 14. Nxf3
Nf4 15. Rd1 Ke7 16. Kh2 Rad8 17. g3 Nxd3 18. cxd3 Nd4 19. Nxd4 Rxd4 20. Rc2 c6
21. Rc4 Rhd8 22. Rxd4 Rxd4 23. f3 a5 24. Kg2 a4 25. bxa4 Rxa4 26. Rd2 c5 27. Kf2
c4 28. Ke3 cxd3 29. Kxd3 Rd4+ 30. Ke2 Rxd2+ 31. Kxd2 Kd6 32. Kc3 Kc5 33. a4 g6
34. f4 h6 35. f5 gxf5 36. exf5 e4 37. h4 Kd5 38. g4 Ke5 39. g5 fxg5 40. hxg5
hxg5 41. f6 Kxf6 42. Kd4 Kf5 {White resigns} 0-1

[Event "Team 45 45 League T64"]
[Site "Internet Chess Club"]
[Date "2015.04.07"]
[Round "5"]
[White "jaybird44"]
[Black "olivermx"]
[Result "0-1"]
[WhiteElo "1224"]
[BlackElo "1369"]
[Opening "QGD Slav defense"]
[ECO "D10"]
[Time "17:00:20"]
[TimeControl "2700+45"]

1. d4 d5 2. c4 c6 3. Bg5 Nf6 4. Nf3 Nbd7 5. Nc3 e6 6. Qc2 Be7 7. e3 O-O 8. Bd3
h6 9. Bxf6 Nxf6 10. O-O c5 11. cxd5 exd5 12. b3 cxd4 13. Nxd4 a6 14. Rad1 Qd6
15. Nf5 Qc7 16. Nxe7+ Qxe7 17. Nxd5 Nxd5 18. Bh7+ Kh8 19. Rxd5 Be6 20. Re5 Qf6
21. Rh5 Bg4 22. Rd5 g6 23. Bxg6 fxg6 24. f3 Rae8 25. Qd3 Be6 26. Rd4 Rd8 27. Rd1
Rxd4 28. exd4 Bf5 29. Qe3 Qg5 30. f4 Qf6 31. d5 Rd8 32. h3 Be6 33. dxe6 Rxd1+
34. Kf2 Qd4 35. Qxd4+ Rxd4 36. Ke3 Rd6 37. f5 gxf5 38. Kf4 Rxe6 39. Kxf5 Re2 40.
g4 Kh7 41. g5 hxg5 42. Kxg5 Rxa2 43. h4 Rb2 {White resigns} 0-1

[Event "Team 45 45 League T64"]
[Site "Internet Chess Club"]
[Date "2015.04.03"]
[Round "5"]
[White "oldbookseller"]
[Black "Rococo"]
[Result "1-0"]
[WhiteElo "1159"]
[BlackElo "1330"]
[Opening "Queen's Pawn"]
[ECO "A41"]
[Time "13:01:14"]
[TimeControl "2700+45"]

1. d4 d6 2. e3 Nf6 3. Bd3 g6 4. Nf3 Bg7 5. O-O Bg4 6. Nbd2 Nbd7 7. c3 O-O 8. e4
e5 9. Qe1 exd4 10. cxd4 c5 11. e5 Re8 12. Bc4 d5 13. Bb3 b5 14. Qe3 cxd4 15.
Qxd4 Ne4 16. Qxd5 Nxd2 17. Qxf7+ Kh8 18. Bxd2 Rf8 19. Qd5 Bxf3 20. gxf3 Nxe5 21.
f4 Nd3 22. Qxb5 Nxf4 23. Bb4 Rf5 24. Qc6 Qg5+ 25. Kh1 Qh4 26. Qxa8+ Rf8 27. Bxf8
{Black resigns} 1-0

[Event "Team 45 45 League T64"]
[Site "Internet Chess Club"]
[Date "2015.04.05"]
[Round "5"]
[White "Egmont"]
[Black "pishd"]
[Result "1/2-1/2"]
[WhiteElo "1814"]
[BlackElo "1739"]
[Opening "Queen's pawn: Yusupov-Rubinstein system"]
[ECO "A46"]
[Time "10:05:30"]
[TimeControl "2700+45"]

1. d4 Nf6 2. Nf3 e6 3. e3 g6 4. Bd3 Bg7 5. Nbd2 b6 6. O-O c5 7. c3 cxd4 8. exd4
Bb7 9. Qe2 O-O 10. Ne4 Nxe4 11. Bxe4 Bxe4 12. Qxe4 d5 13. Qe2 Qc7 14. Ne5 Nc6
{Game drawn by mutual agreement} 1/2-1/2